HBL
HARTFORD WHALERS @ BLUFF CITY BEASTIES
05/13/1997
 
TOP OF THE 1ST
Hartford Whalers batting - Pitching for Bluff City Beasties : RHP Mike K Johnson
Pitching: RHP Mike K Johnson
Batting: SHB Jason McDonald 0-0: Ball
1-0: Ball
2-0: Fly out, F5 (Popup, 15, EV 76.9 MPH)
Batting: RHB Alex Ochoa 0-0: Fly out, F3 (Popup, 3F, EV 80.0 MPH)
Batting: LHB Todd Walker 0-0: SOLO HOME RUN (Flyball, 7D, EV 106.3 MPH), Distance : 356 ft
Batting: RHB Kurt Abbott 0-0: Swinging Strike
0-1: Called Strike
0-2: Ball
1-2: Foul Ball, location: 2F
1-2: Ball
2-2: Foul Ball, location: 2F
2-2: Foul Ball, location: 2F
2-2: Strikes out swinging
Top of the 1st over - 1 run, 1 hit, 0 errors, 0 left on base; Hartford 1 - Bluff City 0
BOTTOM OF THE 1ST
Bluff City Beasties batting - Pitching for Hartford Whalers : RHP Frank Seminara
Pitching: RHP Frank Seminara
Batting: RHB Roberto Kelly 0-0: Ball
1-0: Ball
2-0: SINGLE (Groundball, 4MD, EV 94.4 MPH)
Batting: LHB Jeff Treadway 0-0: Ball
1-0: Ball
2-0: 2-RUN HOME RUN (Flyball, 9D, EV 93.1 MPH), Distance : 381 ft
Batting: LHB Paul Sorrento 0-0: Ball
1-0: Ball
2-0: SINGLE (Flyball, 78M, EV 86.9 MPH)
Batting: RHB Jeff Manto 0-0: Foul Ball, location: 2F
0-1: Ball
1-1: Called Strike
1-2: Strikes out looking
Batting: RHB Walt McKeel 0-0: Foul Ball, location: 2F
0-1: Ball
1-1: Swinging Strike
1-2: Grounds into double play, 5-4-3 (Groundball, 56, EV 97.5 MPH)
Bottom of the 1st over - 2 runs, 3 hits, 0 errors, 0 left on base; Hartford 1 - Bluff City 2
TOP OF THE 2ND
Hartford Whalers batting - Pitching for Bluff City Beasties : RHP Mike K Johnson
Batting: LHB Mark Kotsay 0-0: Ball
1-0: Ball
2-0: Ball
3-0: Called Strike
3-1: Base on Balls
Batting: LHB Dave Hansen 0-0: 2-RUN HOME RUN (Flyball, 9LD, EV 96.9 MPH), Distance : 339 ft
Batting: RHB Kevin Jordan 0-0: Ball
1-0: Ball
2-0: Called Strike
2-1: Ball
3-1: Ground out 1-3 (Groundball, 34S, EV 77.5 MPH)
Batting: LHB Rod Myers 0-0: Foul Ball, location: 2F
0-1: Ball
1-1: Foul Ball, location: 2F
1-2: Ball
2-2: Ground out 5-3 (Groundball, 5, EV 101.9 MPH)
Batting: RHB Mike Matheny 0-0: Ball
1-0: Ball
2-0: Ball
3-0: Called Strike
3-1: Base on Balls
Batting: SHB Jason McDonald 0-0: Ground out 4-3 (Groundball, 34, EV 105.0 MPH)
Top of the 2nd over - 2 runs, 1 hit, 0 errors, 1 left on base; Hartford 3 - Bluff City 2
BOTTOM OF THE 2ND
Bluff City Beasties batting - Pitching for Hartford Whalers : RHP Frank Seminara
Batting: RHB Tom Evans 0-0: Called Strike
0-1: Ground out 5-3 (Groundball, 5L, EV 84.4 MPH)
Batting: RHB Charlie Hayes 0-0: Foul Ball, location: 2F
0-1: Ball
1-1: Ball
2-1: Foul Ball, location: 2F
2-2: SINGLE (Groundball, 4MD, EV 102.5 MPH)
Batting: RHB Pat Watkins 0-0: Ball
1-0: Called Strike
1-1: Swinging Strike
1-2: Ball
2-2: Foul Ball, location: 2F
2-2: Strikes out looking
Batting: SHB Jesus Tavarez 0-0: Ball
1-0: Reached on error, E4 (Groundball, 4S, EV 86.9 MPH)
Charlie Hayes to second
Batting: RHB Roberto Kelly 0-0: Ball
1-0: Ball
2-0: Fly out, F8 (Line Drive, 8LD, EV 85.6 MPH)
Bottom of the 2nd over - 0 runs, 1 hit, 1 error, 2 left on base; Hartford 3 - Bluff City 2
TOP OF THE 3RD
Hartford Whalers batting - Pitching for Bluff City Beasties : RHP Mike K Johnson
Batting: RHB Alex Ochoa 0-0: Ball
1-0: Ball
2-0: Called Strike
2-1: Foul Ball, location: 2F
2-2: Foul Ball, location: 2F
2-2: Ball
3-2: SINGLE (Groundball, 5D, EV 95.0 MPH)
Batting: LHB Todd Walker 0-0: Ball
1-0: Ball
Alex Ochoa steals 2nd base
2-0: SINGLE (Line Drive, 8LS, EV 98.1 MPH)
Alex Ochoa to third
Runner from 3rd tries for Home, SAFE, no throw by CF
Batting: RHB Kurt Abbott 0-0: SINGLE (Flyball, 7S, EV 86.3 MPH)
Todd Walker to second
Batting: LHB Mark Kotsay 0-0: Ball
1-0: Called Strike
1-1: Ball
2-1: Fielders Choice at 2nd, 4-6 (Groundball, 4, EV 99.4 MPH)
Todd Walker to third
Batting: LHB Dave Hansen 0-0: Called Strike
0-1: Ball
1-1: Called Strike
1-2: Ball
2-2: Foul Ball, location: 2F
2-2: Fly out, F7 (Flyball, 7LMF, EV 101.3 MPH)
Runner from 3rd tags up, SCORES, no throw by LF
Batting: RHB Kevin Jordan 0-0: Ball
1-0: Called Strike
1-1: Called Strike
1-2: Hit by Pitch
Mark Kotsay to second
Batting: LHB Rod Myers 0-0: Ball
1-0: Foul Ball, location: 2F
1-1: Swinging Strike
1-2: Ball
2-2: Ball
3-2: Base on Balls
Mark Kotsay to third
Kevin Jordan to second
Batting: RHB Mike Matheny 0-0: Called Strike
0-1: Ground out 4-3 (Groundball, 4D, EV 104.4 MPH)
Top of the 3rd over - 2 runs, 3 hits, 0 errors, 3 left on base; Hartford 5 - Bluff City 2
BOTTOM OF THE 3RD
Bluff City Beasties batting - Pitching for Hartford Whalers : RHP Frank Seminara
Batting: LHB Jeff Treadway 0-0: Called Strike
0-1: SINGLE (Groundball, 4MD, EV 104.4 MPH)
Batting: LHB Paul Sorrento 0-0: Called Strike
0-1: Fly out, F9 (Flyball, 9, EV 92.5 MPH)
Batting: RHB Jeff Manto 0-0: Ball
1-0: Swinging Strike
1-1: Called Strike
1-2: Ball
2-2: Foul Ball, location: 2F
2-2: Fly out, F8 (Line Drive, 8LD, EV 107.5 MPH)
Batting: RHB Walt McKeel 0-0: SINGLE (Line Drive, 89S, EV 105.0 MPH)
Jeff Treadway to second
Batting: RHB Tom Evans 0-0: Ball
1-0: Called Strike
1-1: Swinging Strike
1-2: Ball
2-2: Fly out, F7 (Line Drive, 7, EV 98.8 MPH)
Bottom of the 3rd over - 0 runs, 2 hits, 0 errors, 2 left on base; Hartford 5 - Bluff City 2
TOP OF THE 4TH
Hartford Whalers batting - Pitching for Bluff City Beasties : RHP Mike K Johnson
Batting: SHB Jason McDonald 0-0: Ball
1-0: Ball
2-0: Fly out, F4 (Line Drive, 4, EV 61.3 MPH)
Batting: RHB Alex Ochoa 0-0: Ball
1-0: SINGLE (Groundball, 56, EV 112.5 MPH) (infield hit)
Batting: LHB Todd Walker 0-0: Called Strike
0-1: Called Strike
0-2: Foul Ball, location: 2F
0-2: Ball
1-2: Foul Ball, location: 2F
1-2: Grounds into double play, 5-4-3 (Groundball, 56, EV 109.4 MPH)
Top of the 4th over - 0 runs, 1 hit, 0 errors, 0 left on base; Hartford 5 - Bluff City 2
BOTTOM OF THE 4TH
Bluff City Beasties batting - Pitching for Hartford Whalers : RHP Frank Seminara
Batting: RHB Charlie Hayes 0-0: Ball
1-0: Called Strike
1-1: Swinging Strike
1-2: Ball
2-2: Ball
3-2: Hit by Pitch
Batting: RHB Pat Watkins 0-0: Swinging Strike
0-1: Foul Ball, location: 2F
0-2: DOUBLE (Line Drive, 7LS, EV 98.1 MPH)
Charlie Hayes to third
Batting: SHB Jesus Tavarez 0-0: Ball
1-0: Ball
2-0: Ball
3-0: Base on Balls
Batting: RHB Roberto Kelly 0-0: Called Strike
0-1: Foul Ball, location: 2F
0-2: Strikes out swinging
Batting: LHB Jeff Treadway 0-0: Fly out, F9 (Line Drive, 9, EV 108.8 MPH)
Runner from 3rd tags up, SCORES, throw by RF
Batting: LHB Paul Sorrento 0-0: Fly out, F3 (Popup, 3SF, EV 80.0 MPH)
Bottom of the 4th over - 1 run, 1 hit, 0 errors, 2 left on base; Hartford 5 - Bluff City 3
TOP OF THE 5TH
Hartford Whalers batting - Pitching for Bluff City Beasties : RHP Mike K Johnson
Batting: RHB Kurt Abbott 0-0: Ball
1-0: Ball
2-0: Called Strike
2-1: Ball
3-1: Fly out, F8 (Line Drive, 8LD, EV 97.5 MPH)
Batting: LHB Mark Kotsay 0-0: Foul Ball, location: 2F
0-1: Ball
1-1: Ground out 6-3 (Groundball, 6, EV 82.5 MPH)
Batting: LHB Dave Hansen 0-0: Ball
1-0: Called Strike
1-1: Ball
2-1: Ball
3-1: Called Strike
3-2: Base on Balls
Pitching: RHP Marty Janzen
Batting: RHB Kevin Jordan 0-0: Ball
1-0: Foul Ball, location: 2F
1-1: Ball
2-1: Foul Ball, location: 2F
2-2: Fly out, F8 (Line Drive, 8RM, EV 93.8 MPH)
Top of the 5th over - 0 runs, 0 hits, 0 errors, 1 left on base; Hartford 5 - Bluff City 3
BOTTOM OF THE 5TH
Bluff City Beasties batting - Pitching for Hartford Whalers : RHP Frank Seminara
Batting: RHB Jeff Manto 0-0: Ball
1-0: DOUBLE (Line Drive, 9LD, EV 110.0 MPH)
Batting: RHB Walt McKeel 0-0: Foul Ball, location: 2F
0-1: SINGLE (Groundball, 34D, EV 96.3 MPH)
Jeff Manto to third
Batting: RHB Tom Evans 0-0: Grounds into double play, 1-6-3 (Groundball, 13, EV 85.6 MPH)
Batting: RHB Charlie Hayes 0-0: Foul Ball, location: 2F
0-1: Ball
1-1: Fly out, F8 (Flyball, 8RM, EV 88.8 MPH)
Bottom of the 5th over - 0 runs, 2 hits, 0 errors, 1 left on base; Hartford 5 - Bluff City 3
TOP OF THE 6TH
Hartford Whalers batting - Pitching for Bluff City Beasties : RHP Marty Janzen
Batting: LHB Rod Myers 0-0: Foul Ball, location: 2F
0-1: Foul Ball, location: 2F
0-2: Foul Ball, location: 2F
0-2: Ball
1-2: Foul Ball, location: 2F
1-2: Fly out, F7 (Flyball, 7D, EV 87.5 MPH)
Batting: RHB Mike Matheny 0-0: Ball
1-0: Fly out, F4 (Flyball, 34D, EV 91.9 MPH)
Batting: SHB Jason McDonald 0-0: Ball
1-0: Swinging Strike
1-1: SINGLE (Line Drive, 3L, EV 94.4 MPH)
Batting: RHB Alex Ochoa 0-0: Ball
1-0: SINGLE (Groundball, 6D, EV 97.5 MPH)
Jason McDonald to second
Runner from 2nd tries for 3rd, SAFE, no throw by CF
Batting: LHB Todd Walker 0-0: Called Strike
0-1: Ball
1-1: Swinging Strike
1-2: Ball
2-2: Ball
3-2: Foul Ball, location: 2F
3-2: Base on Balls
Alex Ochoa to second
Batting: RHB Kurt Abbott 0-0: Swinging Strike
0-1: Ball
1-1: Foul Ball, location: 2F
1-2: Ball
2-2: SINGLE (Groundball, 56D, EV 98.8 MPH)
Jason McDonald scores
Alex Ochoa to third
Todd Walker to second
Runner from 3rd tries for Home, SAFE, throw by LF to home
Batting: LHB Mark Kotsay 0-0: Swinging Strike
0-1: Ball
1-1: Ball
2-1: Ball
3-1: SINGLE (Line Drive, 4D, EV 97.5 MPH)
Todd Walker to third
Kurt Abbott to second
Runner from 3rd tries for Home, SAFE, throw by CF to home
Pitching: RHP John LeRoy
Batting: LHB Dave Hansen 0-0: Swinging Strike
0-1: SINGLE (Groundball, 34, EV 105.6 MPH) (infield hit)
Kurt Abbott to third
Mark Kotsay to second
Batting: RHB Kevin Jordan 0-0: Ball
1-0: Called Strike
1-1: Ball
2-1: Foul Ball, location: 2F
2-2: Ground out 5-3 (Groundball, 56S, EV 87.5 MPH)
Top of the 6th over - 3 runs, 5 hits, 0 errors, 3 left on base; Hartford 8 - Bluff City 3
BOTTOM OF THE 6TH
Bluff City Beasties batting - Pitching for Hartford Whalers : RHP Frank Seminara
Batting: RHB Pat Watkins 0-0: Ball
1-0: Fly out, F7 (Flyball, 7S, EV 85.6 MPH)
Batting: SHB Jesus Tavarez 0-0: Called Strike
0-1: Ground out 2-3 (Groundball, 2L, EV 68.8 MPH)
Batting: RHB Roberto Kelly 0-0: Ball
1-0: Swinging Strike
1-1: Foul Ball, location: 2F
1-2: SINGLE (Line Drive, 56D, EV 100.0 MPH)
Batting: LHB Jeff Treadway 0-0: Fielders Choice at 2nd, 6-4 (Groundball, 6, EV 83.8 MPH)
Bottom of the 6th over - 0 runs, 1 hit, 0 errors, 1 left on base; Hartford 8 - Bluff City 3
TOP OF THE 7TH
Hartford Whalers batting - Pitching for Bluff City Beasties : RHP John LeRoy
Batting: LHB Rod Myers 0-0: Called Strike
0-1: Ball
1-1: Foul Ball, location: 2F
1-2: Strikes out swinging
Batting: RHB Mike Matheny 0-0: SINGLE (Groundball, 56D, EV 109.4 MPH)
Batting: SHB Jason McDonald 0-0: Swinging Strike
0-1: Called Strike
0-2: Strikes out looking
Batting: RHB Alex Ochoa 0-0: Called Strike
0-1: Called Strike
0-2: SINGLE (Line Drive, 9S, EV 105.6 MPH)
Mike Matheny to second
Batting: LHB Todd Walker 0-0: Ball
1-0: Fly out, F7 (Line Drive, 7, EV 89.4 MPH)
Top of the 7th over - 0 runs, 2 hits, 0 errors, 2 left on base; Hartford 8 - Bluff City 3
BOTTOM OF THE 7TH
Bluff City Beasties batting - Pitching for Hartford Whalers : RHP Frank Seminara
Batting: LHB Paul Sorrento 0-0: Ball
1-0: Ball
2-0: Fly out, F7 (Flyball, 7, EV 93.8 MPH)
Batting: RHB Jeff Manto 0-0: Ball
1-0: Called Strike
1-1: Ball
2-1: Ground out 6-3 (Groundball, 6, EV 84.4 MPH)
Batting: RHB Walt McKeel 0-0: Ball
1-0: SINGLE (Line Drive, 34D, EV 102.5 MPH)
Batting: RHB Tom Evans 0-0: Called Strike
0-1: Fielders Choice at 2nd, 6-4 (Groundball, 6, EV 100.0 MPH)
Bottom of the 7th over - 0 runs, 1 hit, 0 errors, 1 left on base; Hartford 8 - Bluff City 3
TOP OF THE 8TH
Hartford Whalers batting - Pitching for Bluff City Beasties : RHP John LeRoy
Batting: RHB Kurt Abbott 0-0: Swinging Strike
0-1: Ball
1-1: Called Strike
1-2: Ball
2-2: Foul Ball, location: 2F
2-2: Strikes out looking
Batting: LHB Mark Kotsay 0-0: Ball
1-0: Called Strike
1-1: Ball
2-1: Called Strike
2-2: Foul Ball, location: 2F
2-2: SINGLE (Flyball, 9S, EV 96.3 MPH)
Pitching: RHP Scott Sullivan
Batting: LHB Dave Hansen 0-0: Called Strike
0-1: Ball
1-1: Ball
2-1: Foul Ball, location: 2F
2-2: Strikes out looking
Batting: RHB Kevin Jordan 0-0: Fly out, F8 (Flyball, 8RM, EV 81.9 MPH)
Top of the 8th over - 0 runs, 1 hit, 0 errors, 1 left on base; Hartford 8 - Bluff City 3
BOTTOM OF THE 8TH
Bluff City Beasties batting - Pitching for Hartford Whalers : RHP Frank Seminara
Batting: RHB Charlie Hayes 0-0: Called Strike
0-1: Foul Ball, location: 2F
0-2: Foul Ball, location: 2F
0-2: Strikes out looking
Batting: RHB Pat Watkins 0-0: Foul Ball, location: 2F
0-1: Ball
1-1: Fly out, F3 (Popup, 3F, EV 79.4 MPH)
Batting: SHB Jesus Tavarez 0-0: Called Strike
0-1: Foul Ball, location: 2F
0-2: Ground out 4-3 (Groundball, 4S, EV 78.1 MPH)
Bottom of the 8th over - 0 runs, 0 hits, 0 errors, 0 left on base; Hartford 8 - Bluff City 3
TOP OF THE 9TH
Hartford Whalers batting - Pitching for Bluff City Beasties : RHP Scott Sullivan
Batting: LHB Rod Myers 0-0: Called Strike
0-1: Swinging Strike
0-2: Foul Ball, location: 2F
0-2: Strikes out swinging
Batting: RHB Mike Matheny 0-0: Ball
1-0: Called Strike
1-1: Called Strike
1-2: Ball
2-2: Foul Ball, location: 2F
2-2: Ball
3-2: Ground out 1-3 (Groundball, 34S, EV 74.4 MPH)
Batting: SHB Jason McDonald 0-0: Ball
1-0: Ball
2-0: Called Strike
2-1: SINGLE (Groundball, 4MD, EV 107.5 MPH)
Batting: RHB Alex Ochoa 0-0: Ball
1-0: Called Strike
1-1: Foul Ball, location: 2F
1-2: Foul Ball, location: 2F
1-2: Foul Ball, location: 2F
1-2: Foul Ball, location: 2F
1-2: Ball
2-2: SINGLE (Line Drive, 7LS, EV 109.4 MPH)
Jason McDonald to second
Runner from 2nd tries for 3rd, SAFE, no throw by LF
Batting: LHB Todd Walker 0-0: Called Strike
0-1: Called Strike
0-2: Strikes out looking
Top of the 9th over - 0 runs, 2 hits, 0 errors, 2 left on base; Hartford 8 - Bluff City 3
BOTTOM OF THE 9TH
Bluff City Beasties batting - Pitching for Hartford Whalers : RHP Frank Seminara
Batting: RHB Roberto Kelly 0-0: Ball
1-0: Ball
2-0: SINGLE (Groundball, 56D, EV 95.0 MPH)
Pitching: RHP Oscar Henriquez
Batting: LHB Jeff Treadway 0-0: Ball
1-0: Ball
2-0: Fielders Choice at 2nd, 3-6 (Groundball, 3, EV 102.5 MPH)
Batting: LHB Paul Sorrento 0-0: Ball
1-0: Called Strike
1-1: DOUBLE (Flyball, 89XD, EV 115.6 MPH)
Jeff Treadway to third
Batting: RHB Jeff Manto 0-0: Called Strike
0-1: Swinging Strike
0-2: Ball
1-2: Ball
2-2: Fly out, F7 (Flyball, 7S, EV 91.3 MPH)
Batting: RHB Walt McKeel 0-0: Called Strike
0-1: Called Strike
0-2: Fly out, F7 (Line Drive, 7, EV 96.9 MPH)
Bottom of the 9th over - 0 runs, 2 hits, 0 errors, 2 left on base; Hartford 8 - Bluff City 3
Monday, February 9th, 2026 - OOTP Baseball 20.8 Build 74